 Dungeon Crawl Stone Soup version 0.25-a0-404-gc1b5a34292 (webtiles) character file.

Game seed: 8097108570815955205, levelgen mode: deterministic

170 DeadFury222 the Chopper (level 5, 0/46 HPs)
             Began as a Hill Orc Fighter on Jan 10, 2020.
             Killed by nerve-wracking pain
             ... invoked by Grinder
              (4 damage)
             ... while paralysed by Grinder
             ... on level 4 of the Dungeon.
             The game lasted 00:04:50 (2806 turns).

DeadFury222 the Chopper (Hill Orc Fighter)          Turns: 2806, Time: 00:04:50

Health: 0/46       AC: 11    Str: 20    XL:     5   Next: 50%
Magic:  5/5        EV:  2    Int:  8    God:
Gold:   153        SH:  0    Dex: 10    Spells: 4/4 levels left

rFire    . . .     SeeInvis .   a - +0 war axe
rCold    . . .     Gourm    .   c - +0 shield
rNeg     . . .     Faith    .   l - +0 plate armour
rPois    .         Spirit   .   (no helmet)
rElec    .         Reflect  .   (no cloak)
rCorr    .         Harm     .   (no gloves)
MR       .....                  (no boots)
Stlth    ..........             (no amulet)
HPRegen  0.15/turn              (no ring)
MPRegen  0.09/turn              (no ring)

@: paralysed
A: no striking features
a: no special abilities


You were on level 4 of the Dungeon.
You were not hungry.

You visited 1 branch of the dungeon, and saw 4 of its levels.

You collected 153 gold pieces.

Inventory:

Hand Weapons
 a - a +0 war axe (weapon)
Armour
 c - a +0 shield (worn)
 l - a +0 plate armour (worn)
Wands
 w - a wand of iceblast (5)
Scrolls
 g - a scroll of magic mapping {unknown}
 h - 3 scrolls of identify {unknown}
 i - a scroll of amnesia {unknown}
 k - 2 scrolls of enchant armour {unknown}
 m - 2 scrolls of blinking {unknown}
 o - a scroll of fog {unknown}
 r - a scroll of random uselessness {unknown}
 u - a scroll of remove curse {unknown}
 v - a scroll of teleportation {unknown}
Potions
 d - a potion of might
 e - 2 potions of mutation {unknown}
 j - a potion of heal wounds {unknown}
 n - 2 potions of haste {unknown}
 p - a potion of lignification {unknown}
 q - a potion of agility {unknown}
 s - a potion of brilliance {unknown}
 t - a potion of berserk rage {unknown}
Comestibles
 b - 2 chunks of flesh
 f - 9 rations


   Skills:
 + Level 4.2 Fighting
 * Level 5.9 Axes
 + Level 3.9 Armour
 + Level 0.2 Dodging
 + Level 0.2 Stealth
 + Level 3.7 Shields


You had 4 spell levels left.
You didn't know any spells.
Your spell library was empty.

Dungeon Overview and Level Annotations

Branches:
Dungeon (4/15)
 Temple: D:4-7

Altars:

Annotations:
D:4 Grinder


Message History

Grinder is severely wounded.
Grinder gestures at you.
You barely resist. You hit Grinder.
Grinder is severely wounded.
Grinder blinks!
Grinder gestures at you. Pain shoots through your body!
Grinder gestures at you.
You suddenly lose the ability to move!
Grinder blinks!
Grinder gestures at you. Pain shoots through your body!
* * * LOW HITPOINT WARNING * * *
Grinder gestures at you. Pain shoots through your body!
* * * LOW HITPOINT WARNING * * *
Grinder gestures at you. Pain shoots through your body!
You die...

####............#
#.####............#
#..)..............#
#########.######....#
.........5...[##....##
###..........#.......
#.###..........#.#.#.#.
##..?.#<..#+#####.#.....
.......@....# #.##..##
..........### #.......
.........## #.##..#.
.......### ####..>.
###...# ..#. #... #...
#...


You could see Grinder.

Vanquished Creatures
  An orc wizard (D:3)
  A hound (D:4)
  3 adders
  An ooze (D:3)
  2 worms
  A dart slug (D:1)
  3 leopard geckos
  8 orcs (D:3)
  A giant cockroach (D:1)
  6 goblins
  11 hobgoblins
  9 jackals
  A quokka (D:2)
  4 bats
  A jackal skeleton (D:4)
  4 rats
57 creatures vanquished.

Notes
Turn   | Place    | Note
-------+----------+-------------------------------------------
     0 | D:1      | DeadFury222 the Hill Orc Fighter began the quest for the
                  | Orb.
     0 | D:1      | Reached XP level 1. HP: 19/19 MP: 1/1
   142 | D:1      | Reached skill level 3 in Axes
   434 | D:1      | Reached XP level 2. HP: 23/27 MP: 2/2
  1232 | D:2      | Reached XP level 3. HP: 29/33 MP: 3/3
  1275 | D:2      | Reached skill level 4 in Axes
  1917 | D:3      | Reached XP level 4. HP: 38/40 MP: 4/4
  2042 | D:3      | Reached skill level 5 in Axes
  2259 | D:3      | Reached XP level 5. HP: 41/46 MP: 5/5
  2776 | D:4      | Noticed Grinder
  2791 | D:4      | Paralysed by Grinder for 5 turns
  2802 | D:4      | Paralysed by Grinder for 6 turns
  2806 | D:4      | Killed from afar by Grinder

Levels and vault maps discovered:
D:1:      wander_arrival_chamber, layout_basic, serial_co_window_serial,
          co_window_paths_b, co_window_paths_a, co_window_of_opportunity_a,
          co_window_paths_a, co_window_paths_a, co_window_of_opportunity_b,
          co_window_broadway_b, co_window_broadway_c, co_window_paths_e,
          co_window_4corner_a, glass_columns_b, glass_columns_b,
          glass_columns_a, glass_columns_c, glass_columns_a
D:2:      layout_basic, nrook_mini_backslash
D:3:      layout_basic
D:4:      layout_basic, temple_hall, kennysheep_windowed_goal, uniq_grinder

Skill      XL: |  1  2  3  4 |
---------------+-------------+-----
Axes           | 3 4 5 |  5.9
Fighting       | 4 |  4.2
Armour         | |  3.9
Dodging        | |  0.2
Stealth        | |  0.2
Shields        | |  3.7

Action                   |  1- 3 |  4- 6 || total
-------------------------+-------+-------++-------
Melee: War axe           |   107 |   121 ||   228
Evoke: Wand              |       |     1 ||     1
  Eat: Chunk             |     3 |     3 ||     6
Armor: Scale mail        |    47 |       ||    47
       Plate armour      |     7 |    72 ||    79
Dodge: Dodged            |    35 |    19 ||    54
Block: Shield            |    47 |    59 ||   106

Table legend:
 A = Non-vault XP
 B = Vault XP
 C = Vault XP percentage of total XP
 D = Non-vault monster count
 E = Vault monster count
 F = Vault count percentage of total count
                 A         B        C        D         E       F
            +---------+---------+-------+---------+---------+-------
      Total |     243 |       0 |   0.0 |      57 |       0 |   0.0
            +---------+---------+-------+---------+---------+-------
        D:1 |      33 |       0 |   0.0 |      17 |       0 |   0.0
        D:2 |      31 |       0 |   0.0 |      10 |       0 |   0.0
        D:3 |     133 |       0 |   0.0 |      27 |       0 |   0.0
        D:4 |      46 |       0 |   0.0 |       3 |       0 |   0.0
            +---------+---------+-------+---------+---------+-------
